AoeStats
← 吸любящий怔отец熏

Black Forest

510544165Analyzed
4v4 RM · 19h ago on Oct 1, 2026· 62m 9s· 8 players
Game mode
Random Map
Map size
Large (8 player)
Population
200
Speed
Normal
Resources
Standard
Victory
Conquest
Starting age
Dark Age
Ending age
Imperial Age
RankedLock teamsTeams togetherTeam positionsShared explorationLock speedFull tech treeHidden civsTurbo modeCheats
Victory
Defeat
🇨🇳 Mongols · China
1158
+11
🇨🇳 Khmer · China
1040
+15
🇨🇳 Burmese · China
969
+18
925
+20
🇭🇰 Celts · Hong Kong SAR China
1077
-18
🇨🇳 Saracens · China
1033
-16
🇨🇴 Bohemians · Colombia
1003
-15
🇭🇰 Ethiopians · Hong Kong SAR China
992
-15
crosspunk
0:28 Loom
11:54 Feudal Age
14:16 Town Watch
17:25 Castle Age
15:41 Double-Bit Axe
21:44 Horse Collar
26:30 Sanctity
29:56 Imperial Age
27:43 Heavy Plow
28:45 Bow Saw
29:26 Wheelbarrow
29:29 Scale Mail Armor
29:52 Town Patrol
30:57 Fortified Wall
31:49 Chemistry
32:14 Chain Mail Armor
32:19 Hand Cart
33:30 Plate Mail Armor
33:31 Pikeman
34:12 Squires
33:57 Arson
34:25 Forging
34:24 Houfnice
34:34 Houfnice
35:46 Siege Engineers
37:57 Halberdier
39:15 Iron Casting
46:30 Conscription
55:45 Fletching
56:06 Murder Holes
56:32 Ballistics
56:23 Masonry
62:39 Blast Furnace
HeLL ArMY
11:12 Feudal Age
15:44 Castle Age
15:37 Scale Mail Armor
15:32 Man-at-Arms
18:30 Long Swordsman
20:46 Horse Collar
21:20 Forging
21:40 Arson
24:17 Double-Bit Axe
27:38 Bow Saw
28:10 Iron Casting
29:33 Heavy Plow
36:04 Imperial Age
34:04 Fletching
34:15 Padded Archer Armor
35:07 Bodkin Arrow
35:03 Pikeman
36:21 Heavy Scorpion
37:45 Conscription
37:17 Stronghold
39:06 Capped Ram
41:01 Furor Celtica
41:23 Ballistics
46:23 Halberdier
49:44 Blast Furnace
49:00 Chain Mail Armor
49:00 Leather Archer Armor
48:51 Scale Barding Armor
56:20 Loom
56:39 Husbandry
55:59 Light Cavalry
57:09 Hussar
60:05 Ring Archer Armor
60:06 Plate Mail Armor
59:56 Chain Barding Armor
chisyeung4c
1:10 Loom
10:57 Feudal Age
15:57 Castle Age
14:18 Double-Bit Axe
16:35 Fletching
17:31 Crossbowman
20:32 Bodkin Arrow
25:47 Ballistics
27:10 Padded Archer Armor
36:50 Imperial Age
38:41 Chemistry
39:28 Horse Collar
40:58 Arbalester
42:30 Wheelbarrow
41:47 Gold Mining
45:04 Bow Saw
48:42 Heavy Plow
48:33 Town Watch
90_Archer
11:53 Feudal Age
11:14 Loom
12:42 Double-Bit Axe
16:03 Castle Age
14:12 Horse Collar
19:03 Heavy Plow
23:17 Wheelbarrow
25:31 Gold Mining
27:55 Scale Barding Armor
28:41 Fervor
31:25 Imperial Age
29:50 Caravan
30:20 Coinage
31:05 Hand Cart
30:35 Town Watch
31:24 Bow Saw
31:47 Fortified Wall
31:32 Murder Holes
32:00 Chain Barding Armor
32:32 Conscription
34:57 Two-Man Saw
33:37 Elite Mameluke
36:04 Plate Barding Armor
35:40 Forging
35:53 Ballistics
36:34 Chemistry
35:53 Counterweights
36:22 Husbandry
36:33 Bloodlines
35:44 Heavy Camel Rider
36:32 Light Cavalry
37:58 Banking
38:24 Iron Casting
39:30 Gold Shaft Mining
38:45 Stone Mining
40:09 Hussar
42:35 Blast Furnace
43:15 Siege Engineers
49:32 Bimaristan
49:58 Hoardings
蒸馍
10:28 Feudal Age
14:20 Castle Age
12:39 Double-Bit Axe
15:22 Bow Saw
15:34 Horse Collar
26:57 Wheelbarrow
26:07 Loom
26:13 Gold Mining
26:15 Stone Mining
27:59 Gold Shaft Mining
27:26 Heavy Plow
28:03 Stone Shaft Mining
29:28 Hand Cart
29:27 Forging
29:22 Scale Barding Armor
29:11 Fletching
29:21 Padded Archer Armor
32:21 Imperial Age
29:48 Bodkin Arrow
31:35 Town Watch
32:08 Leather Archer Armor
32:08 Fortified Wall
32:30 Ballistics
32:37 Ballistics
33:09 Bracer
33:32 Conscription
32:34 Capped Ram
32:48 Onager
33:38 Siege Ram
34:52 Caravan
35:00 Caravan
35:14 Siege Onager
36:16 Drill
36:23 Forging
36:18 Scale Barding Armor
36:54 Elite Mangudai
38:11 Iron Casting
37:56 Chain Barding Armor
41:49 Chemistry
40:54 Siege Engineers
41:00 Masonry
41:40 Thumb Ring
42:00 Parthian Tactics
43:33 Husbandry
43:44 Bloodlines
46:41 Blast Furnace
45:41 Scale Mail Armor
47:09 Heavy Scorpion
50:40 Light Cavalry
51:40 Chain Mail Armor
51:45 Hussar
52:45 Hussar
54:56 Heavy Camel Rider
長崎 そよ
0:35 Loom
12:55 Feudal Age
17:17 Castle Age
18:27 Wheelbarrow
20:42 Double-Bit Axe
35:50 Bow Saw
37:45 Bloodlines
37:35 Husbandry
38:20 Light Cavalry
39:57 Caravan
41:36 Horse Collar
42:57 Forging
42:53 Scale Barding Armor
44:12 Heavy Plow
47:06 Imperial Age
47:58 Hussar
49:30 Iron Casting
49:15 Chain Barding Armor
50:07 Crop Rotation
53:43 Blast Furnace
53:18 Plate Barding Armor
54:02 Capped Ram
54:02 Heavy Scorpion
55:49 Siege Ram
57:01 Conscription
57:41 Double Crossbow
吸любящий怔отец熏
5:48 Loom
12:56 Feudal Age
13:29 Horse Collar
13:36 Double-Bit Axe
16:30 Castle Age
18:33 Heavy Plow
19:45 Bow Saw
20:15 Wheelbarrow
25:28 Gold Mining
26:02 Stone Mining
27:42 Gold Shaft Mining
29:16 Hand Cart
29:14 Forging
29:09 Scale Barding Armor
29:14 Forging
30:03 Stone Shaft Mining
29:39 Scale Barding Armor
32:49 Imperial Age
30:09 Treadmill Crane
30:50 Ballistics
31:06 Husbandry
31:16 Bloodlines
31:31 Chain Barding Armor
31:47 Iron Casting
31:16 Padded Archer Armor
31:09 Fletching
33:58 Conscription
33:51 Thunderclap Bombs
33:04 Elite Steppe Lancer
34:27 Crop Rotation
35:05 Two-Man Saw
35:18 Blast Furnace
35:26 Plate Barding Armor
36:41 Chemistry
35:10 Heavy Rocket Cart
37:08 Siege Engineers
37:08 Caravan
37:39 Coinage
37:19 Guilds
37:19 Light Cavalry
43:10 Banking
42:14 Hussar
42:38 Elite Fire Lancer
43:07 Arson
43:22 Squires
43:08 Gambesons
44:16 Scale Mail Armor
49:24 Chain Mail Armor
Death_noob5
11:47 Feudal Age
16:23 Castle Age
14:49 Horse Collar
22:25 Fervor
23:16 Wheelbarrow
22:28 Town Watch
23:42 Forging
23:48 Man-at-Arms
24:15 Gambesons
24:19 Loom
24:50 Hand Cart
25:19 Long Swordsman
26:38 Scale Mail Armor
26:58 Gold Mining
27:31 Manipur Cavalry
30:57 Gold Shaft Mining
31:11 Scale Barding Armor
31:39 Heavy Plow
31:36 Stone Mining
33:04 Iron Casting
32:50 Chain Barding Armor
32:46 Chain Mail Armor
33:11 Pikeman
37:00 Imperial Age
34:36 Squires
34:47 Arson
35:15 Bloodlines
35:06 Husbandry
35:39 Treadmill Crane
36:11 Fortified Wall
36:36 Light Cavalry
38:56 Chemistry
38:02 Siege Engineers
37:45 Hussar
38:02 Two-Handed Swordsman
38:28 Capped Ram
39:41 Conscription
40:39 Blast Furnace
40:14 Plate Barding Armor
40:10 Plate Mail Armor
39:32 Fletching
41:23 Champion
42:56 Ballistics
42:47 Masonry
42:02 Elite Arambai
45:16 Onager
49:05 Bodkin Arrow
53:32 Halberdier
Connection lost

Rejoining the realm…

Still unreachable

The connection could not be restored.

Session expired

The server has moved on; the page needs a fresh start.